 Dungeon Crawl Stone Soup version 0.23.2-1-ga50397a6bc (webtiles) character file.

Game seed: 15036392345821722593

62 Andrea the Insei (level 4, -3/29 HPs)
             Began as an Octopode Transmuter on May 29, 2019.
             Slain by a gnoll
             ... wielding a cursed +0 spear
              (5 damage)
             ... on level 2 of the Dungeon.
             The game lasted 00:02:01 (1368 turns).

Andrea the Insei (Octopode Transmuter)              Turns: 1368, Time: 00:02:01

Health: -3/29      AC:  2    Str: 10    XL:     4   Next: 8%
Magic:  4/7        EV: 19    Int: 15    God:
Gold:   47         SH:  0    Dex: 17    Spells: 1/7 levels left

rFire    . . .     SeeInvis .     - Unarmed
rCold    . . .     Gourm    .   (shield currently unavailable)
rNeg     . . .     Faith    .   (helmet currently unavailable)
rPois    x         Spirit   .   (no amulet)
rElec    .         Reflect  .   (no ring)
rCorr    .         Harm     .   (no ring)
MR       .....                  (no ring)
Stlth    ++........             (no ring)
HPRegen  0.09/turn              (no ring)
MPRegen  0.10/turn              (no ring)
                                (no ring)
                                (no ring)

@: spider-form (expiring)
A: tiny, almost no armour, stealthy swim, (amphibious), 8 rings, (constrict 8)
a: End Transformation


You were on level 2 of the Dungeon.
You were not hungry.
You were a venomous arachnid creature.
You visited 1 branch of the dungeon, and saw 2 of its levels.

You collected 47 gold pieces.

Inventory:

Missiles
 a - 12 arrows
Scrolls
 f - a scroll of random uselessness {unknown}
 g - a scroll of noise {unknown}
 h - a scroll of identify {unknown}
Potions
 b - a potion of lignification {unknown}
 e - a potion of brilliance {unknown}
Comestibles
 c - 4 rations


   Skills:
 + Level 1.7 Fighting
 - Level 2.0 Dodging
 * Level 3.6 Unarmed Combat
 + Level 2.3 Spellcasting
 * Level 2.8 Transmutations
 * Level 0.8 Poison Magic


You had one spell level left.
You knew the following spells:

 Your Spells              Type           Power        Failure   Level  Hunger
a - Beastly Appendage     Tmut           ##....       19%         1    #......
b - Sticks to Snakes      Tmut           ##......     24%         2    ###....
c - Spider Form           Tmut/Pois      #.........   52%         3    ###....

Your spell library contained the following spells:

 Spells                   Type           Power        Failure   Level  Hunger
 Ice Form                 Ice/Tmut       #.......     89%         4    #####..
 Blade Hands              Tmut           ##........   96%         5    ######.


Dungeon Overview and Level Annotations

Branches:
Dungeon (2/15)

Altars:

Annotations:
D:2 Robin


Innate Abilities, Weirdness & Mutations

You cannot wear most types of armour.
You are very stealthy in the water. (Stealth+)
((You are amphibious.))
You can wear up to eight rings at the same time.
((You can use your tentacles to constrict eight enemies at once.))
((Your skin changes colour to match your surroundings (Stealth+).))
((Your rubbery body absorbs attacks. (AC +1, EV +1)))


Message History

Casting: Beastly Appendage (safe; 7% risk of failure)
Confirm with . or Enter, or press ? or * to list all spells.
You turn into a venomous arachnid creature.
Your transformation is almost over.
The gnoll misses you. x3
You barely miss the gnoll. The gnoll misses you.
The gnoll hits you from afar with a +0 spear.
The gnoll completely misses you.
You hit the gnoll.
The gnoll is poisoned.
The gnoll is lightly wounded.
The gnoll hits you with a cursed +0 spear.
The gnoll barely misses you. The gnoll misses you.
You hit the gnoll.
The gnoll is moderately wounded.
The gnoll hits you with a cursed +0 spear!
The gnoll hits you from afar with a +0 spear!
* * * LOW HITPOINT WARNING * * *
The gnoll barely misses you.
The gnoll hits you from afar with a cursed +0 spear.
You die...

#.# #.#
#.# #.#
#.#
#)#######
#.#
#))......
#.#
#########
#####.# #
#....[# #
#.#####
#######
#s#
.......
#.#
##.####
#gg..#
...g..#
#.........
#.........
#...).....
##^....#..
##...####


You could see 3 gnolls.

Vanquished Creatures
  Jessica (D:2)
  A worm (D:2)
  A bat (D:1)
  10 goblins
  4 hobgoblins
  4 jackals (D:1)
  2 frilled lizards (D:1)
  3 kobolds (D:1)
  4 rats
30 creatures vanquished.

Notes
Turn   | Place    | Note
-------+----------+-------------------------------------------
     0 | D:1      | Andrea the Octopode Transmuter began the quest for the Orb.
     0 | D:1      | Reached XP level 1. HP: 13/13 MP: 3/3
   170 | D:1      | Reached XP level 2. HP: 12/18 MP: 3/5
   177 | D:1      | Learned a level 2 spell: Sticks to Snakes
   946 | D:2      | Reached XP level 3. HP: 19/23 MP: 6/6
   962 | D:2      | Noticed Robin
  1095 | D:2      | Learned a level 3 spell: Spider Form
  1106 | D:2      | Noticed Jessica
  1118 | D:2      | Killed Jessica
  1118 | D:2      | Reached XP level 4. HP: 7/29 MP: 5/7
  1367 | D:2      | HP: 1/29 [gnoll/+0 spear (10)]
  1368 | D:2      | Slain by a gnoll

Action                   |  1- 3 |  4- 6 || total
-------------------------+-------+-------++-------
Melee: Unarmed           |    59 |     3 ||    62
       Constrict         |    13 |       ||    13
       Kick              |    12 |       ||    12
       Tentacles         |     7 |       ||     7
       Punch             |     1 |       ||     1
 Cast: Beastly Appendage |    14 |       ||    14
       Spider Form       |       |     1 ||     1
 Stab: Sleeping          |     2 |       ||     2
  Eat: Chunk             |     1 |     1 ||     2
Armor: Skin              |     3 |       ||     3
Dodge: Dodged            |    35 |     8 ||    43
